[Event "Team 45 45 League T"]
[Site "Internet Chess Club"]
[Date "2008.07.26"]
[Round ""]
[White "Orinal"]
[Black "charlo"]
[Result "1-0"]
[WhiteElo "1408"]
[BlackElo "1515"]
[Opening "Two knights defense"]
[ECO "C55"]
[Time "12:17:43"]
[TimeControl "2700+0"]

1. e4 e5 2. Nf3 Nc6 3. Bc4 Nf6 4. d4 exd4 5. O-O d6 6. Nxd4 Nxd4 7. Qxd4 c5 8.
Qd3 Be7 9. Nc3 O-O 10. Bf4 Nh5 11. Be3 Be6 12. Rad1 Bxc4 13. Qxc4 a6 14. Bxc5 b5
15. Qe2 Nf6 16. e5 Ne8 17. exd6 Bf6 18. d7 Nc7 19. Bxf8 Kxf8 20. Rfe1 Ne6 21.
Qf3 Ra7 22. Qc6 Rc7 23. Qxa6 Rxd7 24. Rxd7 Qxd7 25. Qa8+ Qd8 26. Qxd8+ Nxd8 27.
Nd5 Bxb2 28. Nc7 Ne6 29. Nxe6+ fxe6 30. Rxe6 b4 31. Kf1 Kf7 32. Re3 Bd4 33. Ke2
Kf6 34. Kd3 Bc3 35. Kc4 Bd2 36. Rb3 Ke5 37. Rxb4 {Black resigns} 1-0

[Event "Team 45 45 League T38"]
[Site "Internet Chess Club"]
[Date "2008.07.23"]
[Round "1"]
[White "reb"]
[Black "PandorasBox"]
[Result "1/2-1/2"]
[WhiteElo "2249"]
[BlackElo "2038"]
[Opening "Budapest: Fajarowicz variation"]
[ECO "A51"]
[Time "15:38:41"]
[TimeControl "2700+45"]

1. d4 Nf6 2. c4 e5 3. dxe5 Ne4 4. Nd2 Nc5 5. b4 Ne6 6. a3 a5 7. b5 Bc5 8. Ngf3
O-O 9. Ne4 Be7 10. e3 f5 11. exf6 Bxf6 12. Nxf6+ Qxf6 13. Rb1 b6 14. Bb2 Qh6 15.
Be2 Bb7 16. O-O d6 17. Nd4 Qg6 18. Bg4 Nc5 19. Bf3 Bxf3 20. Nxf3 Nbd7 21. Qd5+
Kh8 22. Qg5 Qf7 23. Rfd1 Ne5 24. Bxe5 dxe5 25. Qxe5 Rae8 26. Qd5 Qf6 27. Rd4 Qg6
28. Rbd1 Ne4 29. Qc6 Rf6 30. Qxe8+ Qxe8 31. Rd8 Qg8 32. Rxg8+ Kxg8 33. Rd8+ Rf8
34. Rd4 Nc3 35. Rd7 Rf7 36. Rd8+ Rf8 37. Rd3 Ne4 38. h4 Nc5 39. Rd5 Rf6 40. Nd4
Ne4 41. Rd8+ Rf8 42. Rxf8+ Kxf8 43. Ne6+ Ke7 44. Nxc7 Kd6 45. Na6 Nd2 46. c5+
bxc5 47. b6 Kc6 48. Nxc5 Kxb6 49. Ne6 a4 50. Nxg7 Nc4 51. f4 Nxa3 52. f5 Nc4 53.
f6 Ne5 54. Ne6 a3 55. Nd4 a2 56. Nc2 Kc5 57. Kf1 Kd6 58. Ke2 Ke6 59. Kd2 Ng4 60.
Kd3 Kxf6 {Game drawn by mutual agreement} 1/2-1/2

[Event "Team 45 45 League T38"]
[Site "Internet Chess Club"]
[Date "2008.07.29"]
[Round "1"]
[White "fledermaus"]
[Black "bbentrup"]
[Result "0-1"]
[WhiteElo "2049"]
[BlackElo "2230"]
[Opening "Robatsch defense"]
[ECO "B06"]
[Time "20:08:28"]
[TimeControl "2700+45"]

1. e4 g6 2. d4 Bg7 3. Nc3 c6 4. Nf3 d5 5. h3 Nf6 6. e5 Ne4 7. Nxe4 dxe4 8. Ng5
c5 9. Bc4 O-O 10. c3 cxd4 11. cxd4 Nc6 12. Be3 Qa5+ 13. Kf1 h6 14. Nxe4 Rd8 15.
Qb3 Nxd4 16. Bxf7+ Kh7 17. Qc3 Qxe5 18. Ng3 Be6 19. Bxe6 Qxe6 20. Re1 Qa6+ 21.
Kg1 Nf3+ 22. gxf3 Bxc3 23. bxc3 Qxa2 24. Bd4 Qf7 25. Kg2 Rd7 26. Re2 Rf8 27. Re3
b6 28. Rhe1 Qd5 29. Ne4 e5 30. Ng5+ hxg5 31. Rxe5 Qxf3+ {White resigns} 0-1

[Event "Team 45 45 League T38"]
[Site "Internet Chess Club"]
[Date "2008.07.26"]
[Round "1"]
[White "John3v16"]
[Black "smitty120"]
[Result "0-1"]
[WhiteElo "1795"]
[BlackElo "1933"]
[Opening "Benkö gambit"]
[ECO "A57"]
[Time "20:03:32"]
[TimeControl "2700+45"]

1. d4 Nf6 2. c4 c5 3. d5 b5 4. b3 g6 5. Bb2 Bg7 6. e3 bxc4 7. Bxc4 d6 8. Nd2 O-O
9. Ne2 e6 10. dxe6 fxe6 11. Ng3 d5 12. Be2 Nc6 13. Qc2 Qe7 14. a3 Bb7 15. Rc1
Nd7 16. Nf3 e5 17. O-O Kh8 18. Rfd1 d4 19. exd4 cxd4 20. Ne4 Na5 21. b4 Rac8 22.
Qd3 Nc6 23. Nfd2 Nd8 24. Rxc8 Bxc8 25. Rc1 Nb6 26. Nc5 Bf5 27. Nde4 Nd5 28. g3
Nf7 29. Qc4 Nb6 30. Qb3 Nd6 31. Nxd6 Qxd6 32. Bd3 Bg4 33. Be4 Qf6 34. Qc2 Nc4
35. Rb1 Nd6 36. Bg2 Bf5 37. Ne4 Nxe4 38. Bxe4 Bxe4 39. Qxe4 Qxf2+ 40. Kh1 Qf3+
41. Qxf3 Rxf3 42. Kg2 Rb3 43. Kf2 e4 44. Ke1 Kg8 45. Kd1 d3 46. Kc1 e3 47. Kd1
Rxb2 48. Rxb2 Bxb2 49. a4 e2+ {White resigns} 0-1

[Event "Team 45 45 League T38"]
[Site "Internet Chess Club"]
[Date "2008.07.27"]
[Round "1"]
[White "Mr-Inretrospect"]
[Black "BigMike"]
[Result "1-0"]
[WhiteElo "1818"]
[BlackElo "1735"]
[Opening "Sicilian"]
[ECO "B54"]
[Time "11:59:28"]
[TimeControl "2700+45"]

1. e4 c5 2. Nf3 d6 3. d4 cxd4 4. Nxd4 Nc6 5. c4 g6 6. Nc3 Bg7 7. Be3 e6 8. Ndb5
Bf8 9. Be2 a6 10. Nd4 Bg7 11. Qd2 Nge7 12. Nc2 f5 13. Bh6 O-O 14. Bxg7 Kxg7 15.
O-O f4 16. Rad1 Qb6 17. Na4 Qc7 18. Qxd6 Qa5 19. Nc3 Qg5 20. f3 e5 21. Nd5 Bh3
22. Rf2 Rad8 23. Qc7 Rd7 24. Qb6 Be6 25. Rff1 Bh3 26. Rf2 h5 27. Kh1 Be6 28.
Rff1 h4 29. Nc7 Rxc7 30. Qxc7 h3 31. Rg1 hxg2+ 32. Rxg2 Qh4 33. Rd6 Bh3 34.
Rgxg6+ Kf7 35. Rgf6+ Ke8 36. Rxf8+ Kxf8 37. Qb6 Nd4 38. Rxd4 exd4 39. Qxd4 Qg5
40. Qg1 Qf6 41. Qd4 Qg5 42. Qh8+ {Black resigns} 1-0

[Event "Team 45 45 League T38"]
[Site "Internet Chess Club"]
[Date "2008.07.28"]
[Round "1"]
[White "ChronoKnight"]
[Black "fileman"]
[Result "1-0"]
[WhiteElo "1901"]
[BlackElo "1901"]
[Opening "KP: Nimzovich defense"]
[ECO "B00"]
[Time "16:01:20"]
[TimeControl "2700+45"]

1. e4 Nc6 2. Nf3 d6 3. d4 Nf6 4. Nc3 Bg4 5. Be2 e6 6. h3 Bh5 7. Be3 Be7 8. Qd2
a6 9. Ng1 Bg6 10. Bf3 e5 11. d5 Nb8 12. Nge2 c5 13. g4 b5 14. Ng3 Nbd7 15. Nf5
Bf8 16. Ne2 Nb6 17. b3 Qc7 18. Neg3 Ng8 19. Nh4 f6 20. Nxg6 hxg6 21. Bg2 g5 22.
f3 Ne7 23. Nf5 Nec8 24. Bf2 g6 25. Ne3 a5 26. h4 gxh4 27. Rxh4 Rxh4 28. Bxh4 g5
29. Bg3 Ne7 30. Bf1 b4 31. a4 Bg7 32. Bb5+ Kf7 33. Kf2 Rh8 34. Rg1 Qc8 35. Qe1
Rh6 36. Rh1 Rxh1 37. Qxh1 Qh8 38. Qxh8 Bxh8 39. Ke2 Bg7 40. Kd2 Bf8 41. c3 Nec8
42. cxb4 cxb4 43. Bf2 Ke7 44. Nc4 Nxc4+ 45. Bxc4 Kd8 46. Ba6 Ne7 47. Bb6+ Kd7
48. Bxa5 Ng6 49. Bxb4 Nh4 50. Ke3 Ng2+ 51. Kf2 Nf4 52. Bd2 Kc7 53. Bf1 Kb6 54.
a5+ Kb7 55. b4 Ng6 56. a6+ Kb8 57. b5 Ne7 58. b6 Nc8 59. Be3 Be7 60. Bb5 Bd8 61.
a7+ Nxa7 62. bxa7+ {Black resigns} 1-0

[Event "Team 45 45 League T38"]
[Site "Internet Chess Club"]
[Date "2008.07.25"]
[Round "1"]
[White "Malcolm"]
[Black "Aluminum"]
[Result "1-0"]
[WhiteElo "1710"]
[BlackElo "1830"]
[Opening "French: Pelikan variation"]
[ECO "A00"]
[Time "10:58:32"]
[TimeControl "2700+45"]

1. Nc3 e6 2. e4 d5 3. f4 Nf6 4. e5 Nfd7 5. Nf3 c5 6. g3 a6 7. Bg2 Nc6 8. O-O Be7
9. d3 b5 10. Ne2 Qb6 11. Kh1 c4 12. d4 b4 13. c3 a5 14. a3 bxa3 15. bxa3 Ba6 16.
a4 Rb8 17. Nd2 Qc7 18. Ba3 O-O 19. Qc2 Bxa3 20. Rxa3 Rb7 21. Raa1 Rfb8 22. Rfb1
Rb6 23. f5 Ne7 24. g4 Bc8 25. Nf4 Nf8 26. f6 gxf6 27. exf6 Neg6 28. Nh5 Rxb1+
29. Nxb1 h6 30. Nd2 Nf4 31. Rg1 N8g6 32. Bf1 Bb7 33. Nf3 e5 34. Nxf4 exf4 35. h4
Qd6 36. h5 Qxf6 37. hxg6 fxg6 38. Ne5 Kg7 39. Nd7 Qh4+ 40. Qh2 Qxh2+ 41. Kxh2
Rd8 42. Nc5 Bc6 43. Ne6+ {Black resigns} 1-0

[Event "Team 45 45 League T38"]
[Site "Internet Chess Club"]
[Date "2008.08.02"]
[Round "1"]
[White "usc"]
[Black "LoseOften"]
[Result "1-0"]
[WhiteElo "1818"]
[BlackElo "1794"]
[Opening "English: Anglo-Dutch defense"]
[ECO "A10"]
[Time "15:00:24"]
[TimeControl "2700+45"]

1. c4 f5 2. Nc3 Nf6 3. g3 g6 4. Bg2 Bg7 5. d3 O-O 6. Nf3 d6 7. O-O e5 8. Bg5 h6
9. Be3 Nc6 10. a3 Be6 11. Qc2 Qd7 12. Rab1 g5 13. b4 f4 14. Bd2 Bh3 15. Rfc1
Bxg2 16. Kxg2 g4 17. Nh4 Nd4 18. Qd1 Nh5 19. Kg1 Rf7 20. e3 fxg3 21. hxg3 Raf8
22. exd4 Rxf2 23. Ne4 Qf7 24. Be3 Ra2 25. d5 Rxa3 26. Ra1 Rxa1 27. Rxa1 a6 28.
Qxg4 Nf6 29. Nxf6+ Qxf6 30. Qh3 e4 31. Rf1 Qxf1+ 32. Qxf1 Rxf1+ 33. Kxf1 exd3
34. Nf5 Bc3 35. Nxh6+ Kf8 36. Ng4 Bxb4 37. Nf2 d2 38. Ke2 Kf7 39. Bxd2 Bxd2 40.
Kxd2 Kf6 41. Nd3 c6 42. dxc6 bxc6 43. Nb4 d5 44. cxd5 cxd5 45. Nxd5+ Kg5 46. Ke3
a5 47. Nb6 Kg4 48. Kf2 Kg5 49. Kf3 Kf5 50. g4+ Kg5 51. Kg3 Kg6 52. Kf4 Kf6 53.
g5+ Kg6 54. Kg4 Kg7 55. Kf5 Kf7 56. g6+ Kg7 57. Kg5 Kg8 58. Kh6 Kh8 59. g7+ Kg8
60. Na4 {Black resigns} 1-0

[Event "Team 45 45 League T38"]
[Site "Internet Chess Club"]
[Date "2008.07.28"]
[Round "1"]
[White "rubo"]
[Black "Python132"]
[Result "0-1"]
[WhiteElo "1666"]
[BlackElo "1847"]
[Opening "Bird's opening"]
[ECO "A02"]
[Time "14:00:15"]
[TimeControl "2700+45"]

1. f4 Nf6 2. Nf3 e6 3. b3 d5 4. Bb2 c5 5. e3 Nc6 6. Bb5 Bd7 7. O-O Be7 8. Nc3
O-O 9. Bxc6 Bxc6 10. Ne5 Qc7 11. Ne2 Nd7 12. Nxd7 Qxd7 13. Ng3 Qd8 14. Nh5 d4
15. Qg4 g6 16. f5 exf5 17. Rxf5 Bd7 18. Raf1 Bxf5 19. Rxf5 Qd7 20. Ng3 Bd6 21.
Rg5 Qxg4 22. Rxg4 f5 23. Rh4 Bxg3 24. hxg3 dxe3 25. dxe3 Rfe8 26. Kf2 Re4 27.
Rxe4 fxe4 28. g4 Rd8 29. Ke2 Kf7 30. g5 Ke6 31. g4 Rd5 32. Bf6 Kd7 33. c4 Rd3
34. Bb2 Kc6 35. Bc1 a5 36. Bd2 b5 37. Bxa5 bxc4 38. bxc4 Ra3 39. Bd8 Rxa2+ 40.
Kf1 Ra4 41. Kf2 Rxc4 42. Kg3 Kd5 43. Kf2 Rc3 44. Bf6 Rd3 45. Ke2 c4 46. Bb2 c3
47. Bc1 c2 48. Bd2 Kc4 49. Ke1 Kb3 50. Ke2 Kb2 51. Bb4 c1=Q 52. Ba3+ Kxa3 {White
resigns} 0-1

Hi there guys

I have read and noted all posts related to this game and have the following to add.

My ruling was based up on the understanding that GambitBandit accepted the offer of 10:00 ICC time.

I do understand that one interpretation of this acceptance is that Gambitbandit was referring to pacific time (ICC-3) when he made the post.  Indeed the maths supports this interpretation, ie. He posted 10:00 in the text but posted 13:00 using the “Post Agreed Time” Button.

I am therefore, of the mind to rule that this game should have been played at 13:00 ICC time on Sunday 27 July and that the original auto forfeit post is correct

The Statutes (Section 10(F)(i)) states “At the Agreed Game Time both players are expected to be logged in to the chess server present and ready to play…” The automated players’ ICC logs clearly show that GambitBandit was on line and available to play the game during the 30 minute grace period and that caissapriest  was not logged in to the ICC server.

Furthermore the Statutes (Section 10(F)(iii) states “A player who has not logged in within the 30-minute Grace Period forfeits the game”

This statute guides my ruling and I have no option but to award a forfeit loss to caissapriest and will change the score to  -:+

In addition, and in accordance with the Statutes (Section 17(A)(i), it is likely that caissapriest  will have his reliability rating adjusted by -1.

I should make the following additional notes:

It is recommended that in future and to avoid the confusion similar to that in this forum, we refrain from using local time and post offers and acceptances using ICC server time

I appreciate that caissachess is new to the league, however, the statutes are written, and the league is run, for the fun and enjoyment of ALL  players.  I hope that you can understand that it is the right of any player to expect his opponent to arrive on time to play the game whether he is a newby or a veteran.

One post mentions that the players arranged the game using ICC messages.  This is actively discouraged.  All negotiations must be evidenced in the forum.

Best of luck to you all for the rest of the tourney
I-K

[Event "Team 45 45 League T38"]
[Site "Internet Chess Club"]
[Date "2008.07.25"]
[Round "1"]
[White "chess92192"]
[Black "Ehab"]
[Result "1-0"]
[WhiteElo "1862"]
[BlackElo "1751"]
[Opening "Scandinavian: Pytel-Wade variation"]
[ECO "B01"]
[Time "10:02:55"]
[TimeControl "2700+45"]

1. e4 d5 2. exd5 Qxd5 3. Nc3 Qd6 4. d4 Nf6 5. Nf3 a6 6. h3 b5 7. a3 Bb7 8. Be2
Nbd7 9. Bg5 O-O-O 10. Qd2 h6 11. Bf4 Qe6 12. O-O-O g5 13. Bh2 Bg7 14. Bxb5 axb5
15. Nxb5 Qa2 16. Qa5 Nb6 17. Na7+ Kb8 18. Qxb6 e5 19. Bxe5 Qa1+ 20. Kd2 Ne4+ 21.
Ke3 Bxe5 22. Nc6+ Kc8 23. Qxb7+ Kxb7 24. Nxd8+ Rxd8 25. Rxa1 Nxf2 26. Kxf2 Bxd4+
27. Nxd4 Rxd4 28. Rad1 Rf4+ 29. Kg3 f5 30. Rhf1 Rc4 31. c3 f4+ 32. Kf3 Rc6 33.
Rfe1 Rb6 34. Rd4 c5 35. Re7+ Kc8 36. Rd2 {Black resigns} 1-0

[Event "Team 45 45 League T38"]
[Site "Internet Chess Club"]
[Date "2008.07.24"]
[Round "1"]
[White "Warpdrive"]
[Black "Bible"]
[Result "1/2-1/2"]
[WhiteElo "1729"]
[BlackElo "1608"]
[Opening "Philidor: exchange variation"]
[ECO "C41"]
[Time "13:02:37"]
[TimeControl "2700+45"]

1. e4 e5 2. Nf3 d6 3. d4 exd4 4. Nxd4 Nf6 5. Nc3 c6 6. Be2 Be7 7. O-O Nbd7 8.
Nf5 O-O 9. Nxd6 Ne5 10. Nxc8 Qxc8 11. Bg5 Rd8 12. Qc1 Kf8 13. Rd1 Qe6 14. h3 Bb4
15. Qe3 Be7 16. a3 Ned7 17. Bxf6 Bxf6 18. Bg4 Qe7 19. Bxd7 Rxd7 20. Rxd7 Qxd7
21. Rd1 Qe7 22. Kf1 h6 23. f4 Bxc3 24. Qxc3 Qxe4 25. Qd2 Kg8 26. Re1 Qc4+ 27.
Kg1 Qc5+ 28. Qf2 Qa5 29. Re5 Qc7 30. Qe3 b6 31. Qe4 Rd8 32. Re8+ Rxe8 33. Qxe8+
Kh7 34. Qe4+ Kh8 35. b4 b5 36. c4 a6 37. c5 Qd7 38. Qe3 Qd5 39. Kh2 f6 40. g4
Qa2+ 41. Kg3 Qd5 42. h4 Kh7 43. h5 Kh8 {Game drawn by mutual agreement} 1/2-1/2

[Event "Team 45 45 League T38"]
[Site "Internet Chess Club"]
[Date "2008.07.26"]
[Round "1"]
[White "chesskix"]
[Black "Ernie1"]
[Result "1-0"]
[WhiteElo "1593"]
[BlackElo "1656"]
[Opening "QGD Slav: exchange variation"]
[ECO "D13"]
[Time "10:00:32"]
[TimeControl "2700+45"]

1. Nf3 c6 2. c4 d5 3. cxd5 cxd5 4. d4 Nf6 5. Nc3 Nc6 6. g3 e6 7. Bg2 Bb4 8. Bd2
O-O 9. O-O Qb6 10. e3 Nd7 11. Qc2 Bxc3 12. bxc3 Qa6 13. Rfb1 Na5 14. a4 Nc4 15.
Bf1 Ndb6 16. Bc1 Bd7 17. a5 Nc8 18. Bd3 N8d6 19. Bxh7+ Kh8 20. Bd3 Bb5 21. Ne1
Qc6 22. Qe2 g6 23. Qg4 Kg7 24. Ba3 Nxa3 25. Rxa3 Bxd3 26. Nxd3 Nc4 27. Ra2 Qa6
28. Nc5 Qc6 29. Rxb7 Rfb8 30. a6 Nd6 31. Nxe6+ Kg8 32. Rxb8+ Rxb8 33. Nc5 Qb5
34. Ra1 Qb2 35. Rf1 Qxc3 36. Qf4 Rd8 37. Nb7 Nxb7 38. axb7 Qb4 39. Qc7 Qb6 40.
Qxb6 axb6 41. Rc1 {Black resigns} 1-0

[Event "Team 45 45 League T38"]
[Site "Internet Chess Club"]
[Date "2008.07.24"]
[Round "1"]
[White "waverip"]
[Black "ARMAND01968"]
[Result "1-0"]
[WhiteElo "1794"]
[BlackElo "1795"]
[Opening "QGD: exchange, positional line, 6.Qc2"]
[ECO "D36"]
[Time "23:58:42"]
[TimeControl "2700+45"]

1. d4 Nf6 2. c4 e6 3. Nc3 d5 4. cxd5 exd5 5. Bg5 c6 6. Qc2 Be7 7. e3 b5 8. Bd3
h6 9. Bh4 Na6 10. a3 Qa5 11. Qd1 O-O 12. Nf3 Bg4 13. O-O Qc7 14. h3 Bh5 15. Rc1
Qd7 16. g4 Bg6 17. Ne5 Qe8 18. Nxg6 fxg6 19. Qc2 g5 20. Bg3 Rd8 21. Ne2 c5 22.
dxc5 Nxc5 23. Bg6 Qd7 24. Nd4 Nce4 25. Bc7 Ra8 26. Bf5 Qe8 27. Ne6 g6 28. Nxf8
gxf5 29. Ne6 fxg4 30. hxg4 Nxg4 31. Qc6 Qxc6 32. Rxc6 Nd2 33. Rd1 Nf3+ 34. Kg2
Nh4+ 35. Kg3 Nf6 36. Kh2 Ng4+ 37. Kg1 Nf3+ 38. Kg2 Nh4+ 39. Kf1 Nf6 40. Be5 Nf3
41. Bc3 Ne4 42. Nc7 Rb8 43. Rg6+ Kf7 44. Rg7+ Kf8 45. Ne6+ Ke8 46. Rg8+ {Black
resigns} 1-0

[Event "Team 45 45 League T38"]
[Site "Internet Chess Club"]
[Date "2008.07.29"]
[Round "1"]
[White "andrew28"]
[Black "ShanghaiTom"]
[Result "1-0"]
[WhiteElo "1779"]
[BlackElo "1697"]
[Opening "Giuoco Piano"]
[ECO "C50"]
[Time "11:05:52"]
[TimeControl "2700+45"]

1. e4 e5 2. Nf3 Nc6 3. Bc4 Bc5 4. O-O Nf6 5. d3 d6 6. h3 O-O 7. c3 Be6 8. Nbd2
Na5 9. Bxe6 fxe6 10. b4 Bb6 11. bxa5 Bxa5 12. Qb3 Qe7 13. Nc4 Bb6 14. Be3 Nh5
15. d4 exd4 16. Nxb6 axb6 17. Nxd4 Rae8 18. Rad1 Kh8 19. Rd3 e5 20. Nf5 Qf6 21.
Qd1 g6 22. Nh6 Qh4 23. Ng4 Kg8 24. Qb3+ Kh8 25. Bh6 Nf4 26. Bxf8 Rxf8 27. Re3
Kg7 28. Qc4 Rf7 29. Nh2 Qg5 30. Rg3 Qh5 31. Nf3 c6 32. a4 d5 33. exd5 cxd5 34.
Qa2 e4 35. Nd4 Nd3 36. Rg5 Qh4 37. Qxd5 Nxf2 38. Nf5+ Rxf5 39. Qxf5 {Black
resigns} 1-0

[Event "Team 45 45 League T38"]
[Site "Internet Chess Club"]
[Date "2008.07.25"]
[Round "1"]
[White "ninti"]
[Black "rojito"]
[Result "0-1"]
[WhiteElo "1559"]
[BlackElo "1724"]
[Opening "Sicilian defense"]
[ECO "B40"]
[Time "17:28:08"]
[TimeControl "2700+45"]

1. e4 c5 2. Nf3 e6 3. d3 Nc6 4. Be2 d6 5. Nbd2 Nf6 6. O-O Be7 7. Nb3 O-O 8. Be3
Ng4 9. Qd2 Nxe3 10. Qxe3 b5 11. Rad1 a5 12. d4 c4 13. Nbd2 Qb6 14. c3 a4 15.
Rfe1 Bb7 16. Nf1 a3 17. d5 Qxe3 18. Nxe3 Ne5 19. bxa3 Rxa3 20. Nxe5 dxe5 21. d6
Bd8 22. Rb1 Bc6 23. Nc2 Rxc3 24. Nb4 Bxe4 25. Rb2 Bg5 26. f3 Bc1 27. fxe4 Bxb2
28. Nc6 Rc1 29. Rd1 Bd4+ 30. Kf1 Rxd1+ 31. Bxd1 f6 32. a4 bxa4 33. Bxa4 Kf7 34.
d7 Bb6 35. Ke2 Bc7 36. Kd2 f5 37. Kc3 g5 38. Kxc4 Ra8 39. Bb3 f4 40. Kc3 g4 41.
Kd2 Kf6 42. Ke2 h5 43. Kf2 Ra6 44. d8=Q+ Bxd8 45. Nxd8 Ke7 46. Nb7 Rb6 47. Nc5
Rb5 48. Nd3 Rxb3 49. Nxe5 Rb2+ 50. Kf1 Kf6 51. Nd3 Rb1+ 52. Ke2 e5 53. h3 gxh3
54. gxh3 Rh1 55. Nf2 Rh2 56. Kf1 f3 57. Kg1 Rg2+ 58. Kf1 Kg5 59. Nd3 Ra2 60.
Nxe5 Kf4 {White resigns} 0-1

[Event "Team 45 45 League T38"]
[Site "Internet Chess Club"]
[Date "2008.07.25"]
[Round "1"]
[White "Shereshevsky"]
[Black "czek"]
[Result "0-1"]
[WhiteElo "1585"]
[BlackElo "1707"]
[Opening "Benkö gambit accepted"]
[ECO "A58"]
[Time "20:31:46"]
[TimeControl "2700+45"]

1. d4 Nf6 2. c4 c5 3. d5 b5 4. cxb5 a6 5. bxa6 g6 6. Nc3 Bxa6 7. g3 Bg7 8. Bg2
d6 9. Nf3 Nbd7 10. O-O Nb6 11. Re1 O-O 12. Bf4 Nh5 13. Bg5 h6 14. Bd2 Nc4 15. b3
Nxd2 16. Qxd2 Qd7 17. Rac1 Rfb8 18. e4 Nf6 19. e5 Ng4 20. exd6 exd6 21. Bh3 Rb4
22. Nh4 Rd4 23. Qb2 Qb7 24. Nf3 Rd3 25. Bxg4 Qb4 26. Re3 Qxg4 27. Rxd3 Bxd3 28.
Nd2 Re8 29. Ndb1 Re2 30. Qa3 Bd4 31. Rf1 Qf3 32. Nxe2 Be4 33. Qa8+ Kg7 34. Nf4
Qh1# {White checkmated} 0-1